AoeStats
← el gordo eduardo

Arabia

507833398Analyzed
2v2 RM · 12d ago on Sep 19, 2026· 27m 22s· 4 players
Game mode
Random Map
Map size
Medium (4 player)
Population
200
Speed
Normal
Resources
Standard
Victory
Conquest
Starting age
Dark Age
Ending age
Imperial Age
RankedLock teamsTeams togetherTeam positionsShared explorationLock speedFull tech treeHidden civsTurbo modeCheats
Victory
Defeat
🇪🇸 Sicilians · Spain
596
+8
🇺🇸 Byzantines · United States
439
+14
🇦🇷 Byzantines · Argentina
414
-11
🇦🇷 Italians · Argentina
393
-11
Trumpie23
13:03 Feudal Age
13:31 Horse Collar
13:38 Double-Bit Axe
23:41 Castle Age
22:46 Fletching
25:30 Forging
24:44 Elite Skirmisher
25:14 Pikeman
27:12 Bow Saw
27:24 Stone Mining
zenpegasus4
6:09 Loom
10:15 Feudal Age
19:19 Wheelbarrow
18:35 Town Watch
Logo
15:21 Feudal Age
16:40 Arson
16:59 Double-Bit Axe
16:56 Horse Collar
17:11 Stone Mining
19:51 Scale Mail Armor
24:35 Forging
el gordo eduardo
11:46 Feudal Age
13:08 Double-Bit Axe
13:12 Horse Collar
14:28 Gold Mining
20:33 Stone Mining
Connection lost

Rejoining the realm…

Still unreachable

The connection could not be restored.

Session expired

The server has moved on; the page needs a fresh start.